 Dungeon Crawl Stone Soup version 0.26.1-2-gb8aa6d0cf2 (webtiles) character file.

Game seed: 10789785253532647901

294 Qrupt the Digger (level 6, -19/41 HPs)
             Began as an Octopode Earth Elementalist on Feb 28, 2021.
             Demolished by a tentacled starspawn (30 damage)
             ... on level 1 of the Abyss.
             The game lasted 00:05:58 (4775 turns).

Qrupt the Digger (Octopode Earth Elementalist)      Turns: 4775, Time: 00:05:59

Health: -19/41     AC:  1    Str:  7    XL:     6   Next: 33%
Magic:  11/11      EV: 13    Int: 19    God:
Gold:   166        SH:  0    Dex: 13    Spells: 10/11 levels left

rFire    . . .     SeeInvis .   e - +2 dagger (venom)
rCold    . . .     Faith    .   (no shield)
rNeg     . . .     Spirit   .   (helmet restricted)
rPois    .         Reflect  .   (no amulet)
rElec    .         Harm     .   (no ring)
rCorr    .         Rampage  .   (no ring)
Will     .....                  (no ring)
Stlth    +++.......             (no ring)
HPRegen  0.13/turn              (no ring)
MPRegen  0.12/turn              (no ring)
                                (no ring)
                                (no ring)

@: about to teleport
A: almost no armour, stealthy swim, amphibious, 8 rings, constrict 8, camouflage
1, gelatinous body 1
a: no special abilities


You were on level 1 of the Abyss.
You visited 1 branch of the dungeon, and saw 3 of its levels.
You visited the Abyss 1 time.

You collected 166 gold pieces.

Inventory:

Hand Weapons
 e - a +2 dagger of venom (weapon)
Missiles
 b - 162 stones
Jewellery
 k - a cursed amulet of inaccuracy {unknown}
 m - an uncursed ring of protection from fire {unknown}
Wands
 p - a wand of paralysis (11)
Scrolls
 f - 5 scrolls of identify
 g - a scroll of magic mapping
 i - a scroll of teleportation
 j - 3 scrolls of remove curse {unknown}
 l - 2 scrolls of blinking {unknown}
 o - 2 scrolls of enchant armour {unknown}
Potions
 a - 2 potions of heal wounds {unknown}
 c - a potion of haste {unknown}
 d - a potion of curing {unknown}
 h - 2 potions of degeneration {unknown}
 n - 2 potions of brilliance {unknown}


   Skills:
 + Level 2.8 Fighting
 - Level 2.0 Dodging
 - Level 2.6 Stealth
 + Level 3.3 Spellcasting
 + Level 3.1 Transmutations
 + Level 4.3 Earth Magic


You had 10 spell levels left.
You knew the following spells:

 Your Spells              Type           Power        Failure   Level
a - Sandblast             Erth           38%          2%          1

Your spell library contained the following spells:

 Spells                   Type           Power        Failure   Level
 Passwall                 Tmut/Erth      14%          4%          2
 Stone Arrow              Conj/Erth      22%          19%         3
 Petrify                  Tmut/Erth      17%          32%         4
 Lee's Rapid Deconstruct  Erth           9%           56%         5


Dungeon Overview and Level Annotations

Branches:
Dungeon (3/15)

Altars:
Trog
The Shining One

Annotations:
D:3 meliss's ghost, amateur DsTm


Innate Abilities, Weirdness & Mutations

You cannot wear most types of armour.
You are very stealthy in the water. (Stealth+)
You are amphibious.
You can wear up to eight rings at the same time.
You can use your tentacles to constrict eight enemies at once.
Your skin changes colour to match your surroundings (Stealth+).
Your rubbery body absorbs attacks. (AC +1, EV +1)


Message History

The tentacled starspawn is lightly damaged.
You hit the tentacled starspawn. You squeeze the tentacled starspawn.
The tentacled starspawn is lightly damaged.
A tentacle flies out from the starspawn's body!
A starspawn tentacle comes into view.
You hit the tentacled starspawn. You squeeze the tentacled starspawn.
The tentacled starspawn is lightly damaged.
The tentacled starspawn bites you!
The tentacled starspawn completely misses you.
You barely miss the tentacled starspawn.
You squeeze the tentacled starspawn.
The tentacled starspawn is lightly damaged.
The tentacled starspawn bites you! The tentacled starspawn engulfs you!
* * * LOW HITPOINT WARNING * * *
Unknown command.
You hit the tentacled starspawn but do no damage.
The tentacled starspawn is lightly damaged.
The tentacled starspawn bites you!!
Ouch! That really hurt!
You die...

§ .§
. .
.§ .§
.§} §
..#.
# # .
..# §
#.###
#ww#
.
##X#
.
#§@#
#
####
. .
#§ .
# .


You could see a tentacled starspawn and 2 starspawn tentacles.

Vanquished Creatures
  A small abomination (Abyss:1)
  A howler monkey (D:3)
  An orc wizard (D:3)
  A gnoll (D:1)
  3 adders
  2 oozes (D:1)
  5 worms (D:2)
  A dart slug (D:3)
  2 leopard geckos
  9 orcs (D:3)
  A giant cockroach (D:1)
  10 goblins
  8 hobgoblins
  15 jackals
  12 kobolds
  2 ball pythons (D:2)
  7 bats
  5 frilled lizards
  7 rats
93 creatures vanquished.

Vanquished Creatures (others)
  2 fungi (D:3)
  7 plants (D:3)
  3 starspawn tentacles (Abyss:1)
12 creatures vanquished.

Grand Total: 105 creatures vanquished

Notes
Turn   | Place    | Note
-------+----------+-------------------------------------------
     0 | D:1      | Qrupt the Octopode Earth Elementalist began the quest for
                  | the Orb.
     0 | D:1      | Reached XP level 1. HP: 11/11 MP: 3/3
   101 | D:1      | Reached XP level 2. HP: 18/18 MP: 0/5
   447 | D:1      | Reached skill level 1 in Fighting
   689 | D:1      | Reached XP level 3. HP: 23/23 MP: 6/6
  1691 | D:2      | Found a glowing golden altar of the Shining One.
  1731 | D:2      | Reached XP level 4. HP: 26/27 MP: 7/7
  2623 | D:2      | Noticed a moth of wrath
  2626 | D:2      | Found a bloodstained altar of Trog.
  3071 | D:3      | Found a runed translucent gate.
  3071 | D:3      | Found a runed translucent gate.
  3071 | D:3      | Found a runed translucent gate.
  3076 | D:3      | Noticed a big kobold
  3077 | D:3      | Noticed a big kobold
  3102 | D:3      | Reached XP level 5. HP: 33/34 MP: 9/9
  3171 | D:3      | Noticed meliss's ghost (amateur DsTm)
  3716 | D:3      | Reached skill level 4 in Earth Magic
  4027 | D:3      | Reached XP level 6. HP: 28/41 MP: 5/10
  4456 | D:3      | Cast into level 1 of the Abyss (big kobold)
  4550 | Abyss:1  | Noticed a large abomination
  4764 | Abyss:1  | Noticed a tentacled starspawn
  4775 | Abyss:1  | Demolished by a tentacled starspawn

Illustrated notes

Levels and vault maps discovered:
D:1:      dpeg_arrival_solitude, layout_basic, serial_aquarium,
          aquarium_bridge_square [aquarium_subvault_balcony,
          aquarium_subvault_window, aquarium_subvault_balcony,
          aquarium_subvault_bridge], aquarium_window_1, aquarium_window_1,
          aquarium_view_2b, st_stairs_9, minmay_misc_feat_diagonals,
          moated_statue
D:2:      layout_rooms, tso_metal_star, tgw_trog, hangedman_decor_push,
          kennysheep_potato
D:3:      layout_loops_corners, serial_forest, infiniplex_forest_join,
          infiniplex_forest_clump_curved, infiniplex_forest_straight_2,
          infiniplex_forest_straight_2, infiniplex_forest_end_1,
          infiniplex_forest_lined_2, infiniplex_forest_corner_1,
          gammafunk_ghost_nasty_kobolds
Abyss:1

Skill      XL: |  1  2  3  4  5  6 |
---------------+-------------------+-----
Fighting       | 1 2 |  2.8
Transmutations | 2 3 |  3.1
Spellcasting   | 3 |  3.3
Earth Magic    | 4 |  4.3
Dodging        | |  2.0
Stealth        | |  2.6

Action                   |  1- 3 |  4- 6 || total
-------------------------+-------+-------++-------
Melee: Unarmed           |    22 |       ||    22
       Constrict         |    15 |    39 ||    54
       Dagger            |    42 |   117 ||   159
       Tentacles         |     7 |    22 ||    29
 Cast: Sandblast         |    14 |    20 ||    34
  Use: Scroll            |       |     2 ||     2
 Stab: Sleeping          |    12 |     7 ||    19
Armor: Skin              |     1 |    10 ||    11
Dodge: Dodged            |    36 |    68 ||   104
